 Dungeon Crawl Stone Soup version 0.18-a0-917-g8a3da5b (webtiles) character file.

534 filipzpl the Skirmisher (level 7, 0/47 HPs)
             Began as a Gargoyle Berserker on Dec 26, 2015.
             Was a Priest of Trog.
             Killed from afar by a white imp (5 damage)
             ... with a puff of frost
             ... summoned by Eustachio
             ... on level 4 of the Dungeon.
             The game lasted 00:08:34 (2755 turns).

filipzpl the Skirmisher (Gargoyle Berserker)        Turns: 2755, Time: 00:08:34

Health: 0/47       AC: 15    Str: 23      XL:     7   Next: 25%
Magic:  7/7        EV:  8    Int:  7      God:    Trog [***...]
Gold:   130        SH:  0    Dex:  7 (9)  Spells: 0 memorised, 6 levels left

rFire  . . .     SeeInvis .     u - +0 flail
rCold  . . .     Gourm    .     j - +0 chain mail
rNeg   + . .     Faith    .     (no shield)
rPois  ∞         Spirit   .     q - +0 helmet
rElec  +         Dismiss  .     (no cloak)
rCorr  .         Reflect  .     (no gloves)
SustAt .         Harm     .     t - +0 pair of boots
MR     .....                    (no amulet)
Stlth  ..........               (no ring)
                                (no ring)

@: exhausted, slowed, very slow, not resistant to hostile enchantments,
extremely unstealthy
A: negative energy resistance 1, electricity resistance, unbreathing,
petrification resistance, rot immunity, AC +4
a: Berserk, Trog's Hand, Burn Spellbooks, Renounce Religion


You were on level 4 of the Dungeon.
You worshipped Trog.
Trog was most pleased with you.
You were not hungry.

You visited 1 branch of the dungeon, and saw 5 of its levels.

You collected 130 gold pieces.

Inventory:

Hand Weapons
 u - a +0 flail (weapon)
Armour
 j - a +0 chain mail (worn)
 q - a +0 helmet (worn)
 t - a +0 pair of boots (worn)
Jewellery
 b - a cursed -4 ring of slaying {unknown}
 e - an uncursed amulet of the gourmand {unknown}
 h - a +6 ring of intelligence
 o - a cursed ring of protection from fire {unknown}
 w - an uncursed amulet of rage {unknown}
 z - an uncursed amulet of rage {unknown}
Wands
 f - a wand of slowing (23/48)
 r - a wand of frost (20/48)
 A - a wand of digging (11/24)
Scrolls
 a - a scroll of immolation {unknown}
 k - a scroll of remove curse
 l - a scroll of recharging
 n - a scroll of magic mapping
 s - a scroll of blinking
 x - a scroll of enchant weapon
 y - 2 scrolls of noise {unknown}
 D - a scroll of identify
Potions
 d - 5 potions of agility {unknown}
 g - 4 potions of curing {unknown}
 i - 3 potions of might {unknown}
 m - a potion of invisibility {unknown}
 p - a potion of lignification {unknown}
 B - a potion of magic {unknown}
Comestibles
 c - 4 bread rations
 v - a beef jerky
 C - 5 fruits


   Skills:
 * Level 6.6 Fighting
 * Level 6.1 Maces & Flails
 - Level 2.1 Armour
 - Level 1.5 Dodging


You had 6 spell levels left.
You didn't know any spells.

Dungeon Overview and Level Annotations

Branches:
Dungeon (5/15)
 Temple: D:4-7

Altars:
Ashenzari
Cheibriados
Dithmenos
Elyvilon
Pakellas
Sif Muna
Vehumet
Yredelemnul

Annotations:
D:4 Eustachio


Innate Abilities, Weirdness & Mutations

You are resistant to torment.
Your stone body is resilient (AC +4).
You are immune to poison.
You resist negative energy.
You are resistant to electric shocks.
You can survive without breathing.
You are immune to petrification.
You are immune to rotting.


Message History

* * * LOW HITPOINT WARNING * * *
You closely miss the quokka. The quasit closely misses you.
The quasit closely misses you.
The quasit claws you but does no damage.
Eustachio gestures wildly while chanting.
Eustachio blinks!
The quokka bites you but does no damage.
The quasit bites you but does no damage.
The quasit claws you.
* * * LOW HITPOINT WARNING * * *
The quasit claws you but does no damage.
The white imp hits you but does no damage.
The quokka bites you but does no damage.
The quasit bites you but does no damage.
The quasit claws you but does no damage.
The quasit barely misses you.
You barely miss the quokka. The white imp barely misses you.
The white imp gestures at you. The puff of frost hits you!
You die...

........#....#........#...#......
.......###'###........#...###'.#.
######+##....#........# #......
........#....#...[....# #......
........#...<'........# #......
........+....#........# #......
........######..@.....##########.
................55...............
...#####........@5b..............
...#...#.........r.>.............
...#...#..)......................
...#...#.................#..#####
...#...#...............##....§
...'...#....).........+..#.§..§
...#...###'###........#..#..§...
...#'####....#........# )#......
..##...##....#........# #


You could see Eustachio, a quasit, 2 white imps, a quokka and a bat.

Vanquished Creatures
  Duvessa (D:4)
  A phantom (D:4)
  An ogre (D:4)
  Dowan (D:4)
  An orc wizard (D:4)
  An orc priest (D:4)
  2 hound skeletons (D:4)
  3 adders
  2 gnolls (D:2)
  2 oozes
  2 worms
  The ghost of homeworkjunkie the Skirmisher, a weakling HOFi (D:4)
  13 orcs
  A ball python (D:3)
  4 giant cockroaches
  7 goblins
  4 hobgoblins
  2 quokkas (D:2)
  4 bats
  5 giant newts
  A jackal skeleton (D:4)
  7 kobolds
  6 rats
72 creatures vanquished.

Notes
Turn   | Place    | Note
--------------------------------------------------------------
     0 | D:1      | filipzpl the Gargoyle Berserker began the quest for the Orb.
     0 | D:1      | Reached XP level 1. HP: 14/14 MP: 1/1
   233 | D:1      | Reached XP level 2. HP: 16/20 MP: 2/2
   595 | D:2      | Found a deep blue altar of Sif Muna.
   652 | D:2      | Reached ** piety under Trog
   658 | D:2      | Reached skill level 4 in Fighting
   658 | D:2      | Reached XP level 3. HP: 16/24 MP: 3/3
   696 | D:2      | Found a snail-covered altar of Cheibriados.
   918 | D:2      | Reached XP level 4. HP: 28/30 MP: 4/4
  1014 | D:3      | Found an oddly glowing altar of Pakellas.
  1146 | D:3      | Found a radiant altar of Vehumet.
  1269 | D:3      | Found a shadowy altar of Dithmenos.
  1507 | D:3      | Found a basalt altar of Yredelemnul.
  1629 | D:3      | Found a white marble altar of Elyvilon.
  1894 | D:4      | Reached XP level 5. HP: 17/34 MP: 5/5
  1896 | D:4      | Reached skill level 5 in Fighting
  2103 | D:4      | Noticed homeworkjunkie's ghost (weakling HOFi)
  2114 | D:4      | Killed homeworkjunkie's ghost
  2158 | D:4      | Noticed a phantom
  2180 | D:4      | Killed a phantom
  2180 | D:4      | Reached skill level 5 in Maces & Flails
  2180 | D:4      | Reached XP level 6. HP: 26/40 MP: 6/6
  2353 | D:4      | Found a shattered altar of Ashenzari.
  2399 | D:4      | Noticed Duvessa
  2401 | D:4      | Noticed Dowan
  2411 | D:4      | Killed Dowan
  2416 | D:4      | Killed Duvessa
  2416 | D:4      | Reached *** piety under Trog
  2416 | D:4      | Reached skill level 6 in Fighting
  2599 | D:4      | Reached XP level 7. HP: 46/46 MP: 7/7
  2662 | D:4      | Noticed Eustachio
  2716 | D:5      | Entered Level 5 of the Dungeon
  2755 | D:4      | Killed from afar by a white imp

Vault maps used:
D:1:      dpeg_arrival_connections
D:2:      lemuel_blue_sif_altar, cheibriados_altar_wand_db, first_bread
D:3:      kennysheep_ying_yang, nicolae_dithmenos_shadow_blocks,
          old_standard_altar, vehumet_altar_wand_db
D:4:      nicolae_ashenzari_panopticon, lemuel_temple_firewalk_marked,
          serial_shops, nicolae_shop_behind_doors, uniq_duvessa, uniq_eustachio
D:5:      minitemple, uniq_sigmund

Action                   |  1- 3 |  4- 6 |  7- 9 || total
-------------------------+-------+-------+-------++-------
Melee: Mace              |    78 |    59 |       ||   137
       Flail             |       |    56 |    52 ||   108
Invok: Berserk           |     1 |     4 |     2 ||     7
  Use: Scroll            |     7 |     1 |       ||     8
  Eat: Bread ration      |       |     3 |       ||     3
